Map: Ever Dream LE

Players

RyuKey - Winner!

  • Race: Terran Terran
  • League: Diamond
  • Spawn Location: 1:00

Gumbercules

  • Race: Protoss Protoss
  • League: Diamond
  • Spawn Location: 7:00

VOD

Have the link to the VOD?

Description

Time

  • Played on: June 19, 2020, 9:01 a.m.
  • Length: 17:43
Show
View Real Time Build Order
Export as new Build Order

RyuKey Terran - Winner!

Build Orders:  

Get SALT Encoding   

  12  0:00  SCV  
  13  0:12  SCV  
  14  0:17  Supply Depot  
  14  0:25  SCV  
  15  0:38  SCV  
  15  0:40  Barracks  
  16  0:45  Refinery  
  16  0:50  SCV  
  17  1:02  SCV  
  18  1:14  SCV  
  19  1:27  Orbital Command  
  19  1:29  Reaper  
  20  1:49  Barracks  
  20  1:51  Supply Depot  
  20  1:53  SCV  
  21  2:03  Refinery  
  21  2:04  Marine  
  21  2:07  SCV  
  23  2:11  Bunker  
  23  2:19  SCV  
  24  2:25  Marine  
  25  2:31  SCV  
  25  2:37  Marine  
  26  2:40  Command Center  
  26  2:43  SCV, Marine  
  29  2:47  Supply Depot  
  29  2:55  SCV  
  30  3:01  Marine  
  31  3:06  Engineering Bay  
  31  3:09  SCV, Marine  
  31  3:11  Barracks  
  33  3:21  SCV  
  33  3:26  Supply Depot  
  34  3:28  Marine  
  34  3:31  Barracks Tech Lab  
  34  3:33  SCV  
  36  3:39  Bunker  
  36  3:45  SCV  
  36  3:46  Marine  
  38  3:51  Stimpack  
  38  3:58  SCV, Orbital Command  
  39  4:03  Marine  
  39  4:05  Marine  
  40  4:10  SCV  
  40  4:14  Supply Depot  
  41  4:22  SCV  
  43  4:30  SCV, Marine x2  
  46  4:36  Supply Depot  
  45  4:48  Marine x2  
  45  4:49  SCV  
  45  4:50  SCV  
  49  5:01  SCV  
  49  5:03  Supply Depot  
  49  5:05  Supply Depot  
  50  5:11  Factory  
  49  5:22  SCV  
  49  5:23  Marine x3  
  52  5:29  SCV  
  52  5:32  Supply Depot  
  53  5:37  SCV  
  53  5:41  SCV, Marine x3  
  58  5:43  Combat Shield  
  58  5:58  Marine  
  50  6:15  Marine x2  
  50  6:16  Marine  
  49  6:26  Starport  
  49  6:27  Factory Reactor  
  48  6:32  Marine  
  48  6:33  Marine  
  48  6:34  Marine  
  48  6:36  SCV  
  51  6:50  Marine  
  51  6:51  Marine  
  51  6:52  Marine  
  54  7:08  Marine x2  
  54  7:10  Marine  
  54  7:13  Medivac, Liberator  
  54  7:15  SCV  
  63  7:25  Factory Tech Lab  
  63  7:27  Marauder  
  65  7:30  Barracks Reactor  
  65  7:31  Barracks Reactor  
  65  7:34  SCV  
  65  7:43  Liberator  
  68  8:11  Orbital Command  
  64  8:16  Marine x3  
  64  8:17  Siege Tank  
  70  8:22  Medivac  
  70  8:25  SCV  
  70  8:26  Medivac  
  75  8:35  Concussive Shells, Marauder  
  75  8:37  SCV  
  77  8:42  Marine  
  77  8:43  Marine x3  
  77  8:56  Marauder  
  77  9:00  Marine  
  77  9:01  Marine x2  
  79  9:20  Marine x5  
  84  9:35  Supply Depot  
  84  9:36  Siege Tank  
  84  9:38  Marine x3  
  87  9:39  Marauder  
  92  9:47  Marine  
  93  9:56  Marine x2  
  80  10:31  Marine x5  
  80  10:32  Siege Tank  
  80  10:33  Medivac x2  
  86  10:49  Marine x2  
  90  10:50  Marauder  
  90  10:54  SCV  
  90  10:55  SCV, Marine x2  
  94  10:57  Command Center  
  94  11:04  Siege Tank  
  94  11:06  SCV  
  94  11:07  SCV  
  94  11:08  Viking  
  101  11:12  Refinery  
  101  11:13  Supply Depot  
  101  11:14  Refinery  
  101  11:15  Supply Depot  
  101  11:29  Marine  
  101  11:32  Engineering Bay  
  102  11:33  Engineering Bay  
  102  11:34  Viking, Marine x3  
  102  11:35  Marauder  
  93  11:47  Marine  
  82  11:56  Marauder  
  82  12:01  SCV  
  84  12:03  Viking  
  84  12:04  Viking  
  84  12:05  Terran Infantry Weapons Level 1, Terran Infantry Armor Level 1  
  84  12:07  Marine, Siege Tank  
  92  12:08  Barracks  
  92  12:09  Barracks  
  92  12:15  Marine  
  92  12:16  Marine x2  
  92  12:17  SCV, Marine  
  92  12:21  Planetary Fortress  
  97  12:23  SCV  
  97  12:25  Marine  
  99  12:38  Marine  
  99  12:39  Marine x3  
  99  12:42  SCV  
  99  12:43  Marine  
  105  12:56  Marine x2  
  105  12:57  Marauder  
  109  13:08  Marine x2  
  109  13:11  Siege Tank  
  109  13:12  SCV, Medivac x2  
  121  13:14  Marine x2  
  121  13:15  Barracks Reactor, Barracks Tech Lab  
  121  13:18  SCV, Marauder  
  124  13:22  Barracks  
  124  13:23  SCV  
  124  13:24  Ghost Academy  
  124  13:25  SCV, Refinery, Barracks  
  124  13:26  Refinery, Marine x2  
  128  13:32  Marine x2  
  130  13:37  Marine  
  130  13:38  SCV  
  130  13:39  Supply Depot, Marine  
  133  13:47  Supply Depot  
  133  14:00  Marine x3  
  133  14:01  Marauder, Siege Tank  
  141  14:05  Starport  
  141  14:09  Marine x2, Liberator x2  
  149  14:19  Barracks Reactor, Barracks Tech Lab  
  149  14:20  Personal Cloaking  
  149  14:24  Supply Depot  
  149  14:26  Supply Depot x2  
  149  14:27  Marine  
  149  14:30  Command Center  
  150  14:32  Marine  
  150  14:33  Marine x5  
  156  14:46  Marauder  
  153  14:53  Viking x2  
  153  14:54  Starport Reactor  
  157  15:07  Marine x3  
  157  15:08  Marine x8  
  154  15:25  Marine x2  
  154  15:26  Marauder  
  154  15:35  Marine x8  
  157  15:43  Marine  
  157  15:46  Enhanced Shockwaves, Marine  
  157  15:48  Marauder  
  157  15:52  Marine  
  157  15:53  Marauder, Marine x3  
  163  16:00  Marine  
  163  16:01  Marine x3  
  163  16:02  Siege Tank  
  163  16:04  Marine  
  171  16:05  Orbital Command  
  171  16:09  Marauder  
  171  16:10  Marine  
  174  16:15  Marauder  
  170  16:26  Marine, Liberator x3  
  170  16:27  Armory, Marine x7  
  170  16:30  Marauder  
  189  16:34  Siege Tank  
Show
View Real Time Build Order
Export as new Build Order

Gumbercules Protoss 

Build Orders:  

Get SALT Encoding   

  12  0:01  Probe  
  13  0:13  Probe  
  14  0:18  Pylon  
  14  0:24  Probe  
  15  0:32  Probe  
  15  0:38  Gateway  
  15  0:40  Probe  
  17  0:50  Assimilator  
  17  0:51  Probe  
  18  0:57  Assimilator  
  18  1:00  Probe  
  19  1:08  Probe  
  20  1:22  Probe  
  21  1:27  Cybernetics Core  
  21  1:31  Pylon  
  21  1:34  Probe  
  22  1:46  Probe  
  23  1:57  Stalker  
  23  2:04  Robotics Facility  
  25  2:09  Probe  
  25  2:11  Warp Gate  
  26  2:19  Pylon  
  26  2:21  Probe  
  27  2:35  Stargate  
  26  2:37  Adept  
  28  2:48  Probe  
  29  2:56  Shield Battery  
  29  3:05  Immortal  
  33  3:17  Void Ray  
  33  3:28  Pylon  
  37  3:36  Probe  
  38  3:45  Observer  
  39  3:50  Shield Battery  
  39  3:51  Shield Battery  
  39  3:57  Probe  
  39  4:02  Forge  
  40  4:29  Void Ray  
  44  4:34  Pylon  
  44  4:55  Probe  
  45  5:01  Photon Cannon  
  45  5:02  Nexus  
  43  5:16  Observer  
  41  5:24  Immortal  
  45  5:30  Probe  
  45  5:32  Assimilator  
  45  5:34  Assimilator  
  46  5:42  Sentry  
  38  6:16  Immortal  
  42  6:19  Sentry  
  42  6:21  Void Ray  
  42  6:22  Probe  
  49  6:34  Probe  
  50  6:40  Shield Battery  
  50  6:44  Sentry  
  50  6:46  Probe  
  53  6:58  Probe  
  54  7:01  Observer  
  54  7:05  Probe  
  55  7:10  Probe  
  55  7:11  Sentry  
  58  7:17  Probe  
  58  7:22  Probe, Robotics Bay, Pylon  
  60  7:29  Probe  
  61  7:30  Pylon  
  61  7:34  Observer  
  61  7:35  Probe  
  63  7:42  Probe, Sentry  
  66  7:47  Probe  
  66  7:49  Robotics Facility  
  67  7:54  Probe  
  62  8:15  Void Ray  
  62  8:19  Stalker  
  64  8:24  Probe x2  
  66  8:36  Probe x2  
  68  8:43  Colossus  
  68  8:47  Sentry  
  61  9:13  Void Ray  
  54  9:19  Probe x2  
  60  9:25  Gateway  
  60  9:26  Photon Cannon  
  60  9:34  Probe x2  
  60  9:35  Pylon  
  62  9:40  Sentry  
  62  9:44  Pylon  
  63  9:46  Probe  
  64  9:54  Photon Cannon  
  64  9:57  Photon Cannon  
  52  10:29  Colossus  
  52  10:35  Protoss Ground Weapons Level 1  
  52  10:39  Probe  
  59  10:45  Stargate  
  59  10:47  Gateway  
  59  10:48  Probe  
  60  10:50  Pylon  
  60  10:52  Extended Thermal Lance, Pylon  
  60  10:53  Shield Battery  
  60  10:55  Pylon, Forge  
  60  10:58  Zealot x2  
  60  11:03  Twilight Council  
  64  11:10  Gateway  
  64  11:15  Nexus  
  64  11:22  Zealot x2  
  68  11:26  Pylon  
  68  11:31  Phoenix  
  70  11:35  Probe  
  70  11:36  Probe  
  70  11:47  Stalker  
  70  11:48  Probe  
  73  11:56  Phoenix  
  73  11:59  Probe  
  73  12:00  Probe  
  76  12:01  Zealot  
  76  12:07  Sentry, Pylon  
  80  12:08  Sentry  
  80  12:12  Probe x2  
  84  12:24  Probe  
  84  12:27  Sentry x2  
  84  12:29  Photon Cannon  
  89  12:48  Charge, Phoenix  
  91  12:54  Probe x2  
  93  13:03  Gateway  
  93  13:05  Photon Cannon  
  93  13:06  Probe x2  
  93  13:13  Robotics Bay  
  93  13:16  Stargate  
  93  13:20  Assimilator  
  93  13:23  Stalker  
  93  13:25  Assimilator  
  95  13:27  Phoenix  
  97  13:39  Stargate  
  97  13:42  Probe x2  
  97  13:43  Probe  
  100  13:54  Probe  
  100  13:55  Probe x2  
  103  14:06  Pylon  
  103  14:12  Photon Cannon  
  103  14:15  Photon Cannon  
  103  14:16  Shield Battery, Phoenix  
  105  14:18  Sentry  
  105  14:23  Pylon  
  106  14:38  Phoenix x2  
  106  14:45  Zealot  
  111  14:55  Probe  
  111  14:56  Probe  
  112  15:00  Photon Cannon  
  112  15:02  Shield Battery, Phoenix  
  98  15:27  Phoenix x3  
  98  15:28  Stalker  
  106  15:30  Sentry  
  100  15:52  Phoenix  
  100  15:53  Zealot x4  
  100  15:54  Zealot  
  112  16:05  Probe x2  
  112  16:17  Zealot x5  
  112  16:29  Probe x2  
  108  16:42  Zealot x5  
  114  16:48  Templar Archives  
Tags
 
Add a new tag
Caveats
  • Supply blocks, unpowered buildings, or Contaminate may cause inaccurate times.
  • Supply counts are checked every 10 seconds.